 Dungeon Crawl Stone Soup version 0.30-a0-726-gd89dcf765f (webtiles) character file.

Game seed: 2241688884823457721

78 scionoferis the Shooter (level 3, -6/27 HPs)
             Began as a Demigod Hexslinger on Jan 29, 2023.
             Mangled by Menkaure (19 damage)
             ... on level 4 of the Dungeon.
             The game lasted 00:05:28 (2542 turns).

scionoferis the Shooter (Demigod Hexslinger)        Turns: 2542, Time: 00:05:29

Health: -6/27      AC:  2    Str: 11    XL:     3   Next: 94%
Magic:  6/6        EV: 13    Int: 15    God:
Gold:   114        SH:  0    Dex: 18    Spells: 3/4 levels left

rFire   . . .      SeeInvis .    a - +3 short sword
rCold   . . .      Faith    .    (no shield)
rNeg    . . .      Spirit   .    c - +0 robe
rPois   .          Reflect  .    (no helmet)
rElec   .          Harm     .    (no cloak)
rCorr   .          Rampage  .    (no gloves)
Will    .....                    (no boots)
Stlth   ++                       (no amulet)
HPRegen 0.24/turn                (no ring)
MPRegen 0.10/turn                (no ring)

@: no status effects
A: high MP 1, forlorn, divine attributes
a: no special abilities


You were on level 4 of the Dungeon.
You visited 1 branch of the dungeon, and saw 4 of its levels.

You collected 114 gold pieces.


Innate Abilities, Weirdness & Mutations

You have an increased reservoir of magic. (+10% MP)
You shall have no god before yourself.
Your divine heritage dramatically boosts your attributes as you level up.


   Skills:
 - Level 0.8 Fighting
 + Level 0.5 Short Blades
 + Level 2.9 Ranged Weapons
 + Level 2.5 Dodging
 + Level 1.7 Stealth
 - Level 1.0 Spellcasting
 - Level 2.6 Hexes


You had 3 spell levels left.
You knew the following spells:

 Your Spells              Type           Power      Damage    Failure   Level
a - Slow                  Hex            32%        N/A       9%          1

Your spell library contained the following spells:

 Spells                   Type           Power      Damage    Failure   Level
 Inner Flame              Hex/Fire       4%         N/A       38%         3
 Portal Projectile        Hex/Tloc       8%         N/A       38%         3
 Ignite Poison            Fire/Tmut/Pois 0%         N/A       58%         3
 Kindle Blastsparks       Fire/Tloc/Air  0%         2d10      58%         3
 Cause Fear               Hex            4%         N/A       63%         4
 Freezing Cloud           Conj/Ice/Air   0%         6-21      100%        5

Inventory:

Hand Weapons
 a - a +3 short sword (weapon)
   (You took it off a kobold on level 2 of the Dungeon)
 b - a +1 sling
Missiles
 h - 5 poisoned darts
 m - 6 boomerangs
Armour
 c - a +0 robe (worn)
Scrolls
 d - a scroll of enchant armour {unknown}
 e - a scroll of teleportation {unknown}
 f - a scroll of acquirement {unknown}
 i - a scroll of enchant weapon {unknown}
 j - a scroll of identify {unknown}
 l - a scroll of magic mapping {unknown}
 n - 2 scrolls of poison
 o - a scroll of torment {unknown}
Potions
 g - a potion of lignification {unknown}
 p - a potion of brilliance

Dungeon Overview and Level Annotations

Branches:
Dungeon (4/15)
 Temple: D:4-7

Annotations:
D:2 Sigmund
D:3 Grinder, Pargi
D:4 Menkaure

..#.#####
#.....@#
+....M.#
#......#
#......#
#.......
#.....##
#.....
#.?...


You could see Menkaure.


Message History

Welcome, scionoferis the Demigod Hexslinger.
Are you destined to find the marvelous Orb of Zot, or to die trying?
Press ? for a list of commands and other information.
Found a scroll labelled OXTIOMECWA.
Found a staircase leading out of the dungeon.
d - a scroll labelled OXTIOMECWA As you open the door, it creaks loudly!
Found a stone staircase leading down.
There is an open door here.
You now have 2 gold pieces.
A rat comes into view.
Found a scroll labelled GAEKIZ XEMUL.
You shoot a sling bullet.
The sling bullet hits the rat but does no damage.
You shoot a sling bullet.
The sling bullet closely misses the rat.
The rat closely misses you.
You shoot a sling bullet.
The sling bullet completely misses the rat.
The rat bites you.
You shoot a sling bullet. The sling bullet hits the rat!
You kill the rat!
No target in view!
e - a scroll labelled GAEKIZ XEMUL A giant cockroach comes into view.
You shoot a sling bullet.
The sling bullet hits the giant cockroach.
The giant cockroach is moderately wounded.
You shoot a sling bullet.
The sling bullet hits the giant cockroach but does no damage.
The giant cockroach is moderately wounded.
You shoot a sling bullet.
The sling bullet closely misses the giant cockroach.
You shoot a sling bullet.
The sling bullet barely misses the giant cockroach.
You shoot a sling bullet.
The sling bullet closely misses the giant cockroach.
The giant cockroach bites you.
You shoot a sling bullet.
The sling bullet barely misses the giant cockroach.
The giant cockroach misses you.
The giant cockroach bites you but does no damage.
You shoot a sling bullet.
The sling bullet hits the giant cockroach.
You kill the giant cockroach!
No target in view!
No target in view!
No target in view!
HP restored.
You see here a giant cockroach corpse.
A dart slug comes into view.
You shoot a sling bullet. The sling bullet hits the dart slug.
The dart slug is heavily wounded.
You shoot a sling bullet. The sling bullet hits the dart slug.
The dart slug is heavily wounded.
The dart slug launches a dart at you. The slug dart hits you.
You shoot a sling bullet. The sling bullet hits the dart slug.
The dart slug is severely wounded.
You shoot a sling bullet. The sling bullet hits the dart slug.
You kill the dart slug!
Your Ranged Weapons skill increases to level 2!
No target in view!
Found 4 stones.
You see here 4 stones.
As you open the door, it creaks loudly!
Found a stone staircase leading down.
There is an open door here.
There is a stone staircase leading down here.
There is an open door here.
You now have 9 gold pieces (gained 7).
A frilled lizard comes into view.
You shoot a sling bullet.
The sling bullet hits the frilled lizard.
You kill the frilled lizard!
No target in view!
No target in view!
You open the door.
There is an open door here.
There is a staircase leading out of the dungeon here.
You open the door.
There is an open door here.
You open the door.
A dart slug comes into view.
Found a scroll labelled DON MOADUM and a scroll of poison.
You shoot a sling bullet. The sling bullet hits the dart slug.
The dart slug is lightly wounded.
You shoot a sling bullet. The sling bullet hits the dart slug.
The dart slug is moderately wounded.
You shoot a sling bullet. The sling bullet hits the dart slug.
The dart slug is heavily wounded.
You shoot a sling bullet. The sling bullet hits the dart slug!
You kill the dart slug!
Your Dodging skill increases to level 2!
No target in view!
No target in view!
There is an open door here.
A giant cockroach comes into view.
You see here a scroll of poison.
You shoot a sling bullet.
The sling bullet hits the giant cockroach.
The giant cockroach is almost dead.
You shoot a sling bullet.
The sling bullet hits the giant cockroach.
You kill the giant cockroach!
No target in view!
No target in view!
b - 2 scrolls of poison (gained 1)
f - a scroll labelled DON MOADUM A ball python comes into view.
You shoot a sling bullet. The sling bullet hits the ball python.
You kill the ball python!
You have reached level 2!
Found a ring mail.
You see here a +0 ring mail.
You now have 21 gold pieces (gained 12).
A ball python comes into view.
You shoot a sling bullet. The sling bullet hits the ball python.
The ball python is severely wounded.
You shoot a sling bullet. The sling bullet hits the ball python.
You kill the ball python!
No target in view!
No target in view!
You see here a +0 ring mail.
A hobgoblin comes into view.
Found a faded altar of an unknown god.
Found a stone staircase leading down.
The hobgoblin shouts!
You shoot a sling bullet.
The sling bullet closely misses the hobgoblin.
You shoot a sling bullet.
The sling bullet barely misses the hobgoblin.
The hobgoblin hits you.
You shoot a sling bullet.
The sling bullet closely misses the hobgoblin.
The hobgoblin misses you.
You shoot a sling bullet.
The sling bullet closely misses the hobgoblin.
The hobgoblin closely misses you.
You shoot a sling bullet.
The sling bullet hits the hobgoblin but does no damage.
The hobgoblin hits you.
You shoot a sling bullet. The sling bullet hits the hobgoblin.
The hobgoblin is moderately wounded.
The hobgoblin barely misses you. x2
You shoot a sling bullet.
The sling bullet barely misses the hobgoblin.
The hobgoblin closely misses you.
You shoot a sling bullet.
The sling bullet closely misses the hobgoblin.
The hobgoblin hits you.
You shoot a sling bullet.
The sling bullet hits the hobgoblin but does no damage.
The hobgoblin hits you. x2
You are too injured to fight recklessly!
You are too injured to fight recklessly!
You are too injured to fight recklessly!
Aiming: Slow (safe; 9% risk of failure)
Press: ? - help, Q - select action, (/) - cycle Shift-Dir - straight line, f/p - hobgoblin
Aim: a hobgoblin (chance to affect: 59%)
The hobgoblin resists with significant effort.
The hobgoblin misses you.
Press: ? - help, v - describe, . - travel
Here: a hobgoblin The floor.
Unknown command.
Fire: a) +1 sling
Press: ? - help, Q - select action, (/) - cycle Shift-Dir - straight line, f/p - hobgoblin
Aim: a hobgoblin (57% to hit)
You shoot a sling bullet.
The sling bullet barely misses the hobgoblin.
The hobgoblin hits you.
Fire: a) +1 sling
Press: ? - help, Q - select action, (/) - cycle Shift-Dir - straight line, f/p - hobgoblin
Aim: a hobgoblin (57% to hit)
You shoot a sling bullet. The sling bullet hits the hobgoblin.
The hobgoblin is heavily wounded.
The hobgoblin barely misses you.
Fire: a) +1 sling
Press: ? - help, Q - select action, (/) - cycle Shift-Dir - straight line, f/p - hobgoblin
Aim: a hobgoblin (heavily wounded, 57% to hit)
You shoot a sling bullet.
The sling bullet hits the hobgoblin but does no damage.
The hobgoblin is heavily wounded.
The hobgoblin completely misses you. The hobgoblin closely misses you.
Fire: a) +1 sling
Press: ? - help, Q - select action, (/) - cycle Shift-Dir - straight line, f/p - hobgoblin
Aim: a hobgoblin (moderately wounded, 57% to hit)
You shoot a sling bullet.
The sling bullet closely misses the hobgoblin.
The hobgoblin hits you.
* * * LOW HITPOINT WARNING * * *
Fire: a) +1 sling
Press: ? - help, Q - select action, (/) - cycle Shift-Dir - straight line, f/p - hobgoblin
Aim: a hobgoblin (moderately wounded, 57% to hit)
You shoot a sling bullet.
The sling bullet barely misses the hobgoblin.
The hobgoblin closely misses you.
Fire: a) +1 sling
Press: ? - help, Q - select action, (/) - cycle Shift-Dir - straight line, f/p - hobgoblin
Aim: a hobgoblin (moderately wounded, 57% to hit)
You shoot a sling bullet.
The sling bullet closely misses the hobgoblin.
The hobgoblin misses you.
Fire: a) +1 sling
Press: ? - help, Q - select action, (/) - cycle Shift-Dir - straight line, f/p - hobgoblin
Aim: a hobgoblin (moderately wounded, 57% to hit)
You shoot a sling bullet. The sling bullet hits the hobgoblin.
The hobgoblin is severely wounded.
The hobgoblin closely misses you. The hobgoblin hits you.
* * * LOW HITPOINT WARNING * * *
Fire: a) +1 sling
Press: ? - help, Q - select action, (/) - cycle Shift-Dir - straight line, f/p - hobgoblin
Aim: a hobgoblin (severely wounded, 57% to hit)
You shoot a sling bullet.
The sling bullet closely misses the hobgoblin.
The hobgoblin misses you.
Fire: a) +1 sling
Press: ? - help, Q - select action, (/) - cycle Shift-Dir - straight line, f/p - hobgoblin
Aim: a hobgoblin (severely wounded, 57% to hit)
You shoot a sling bullet. The sling bullet hits the hobgoblin.
You kill the hobgoblin!
You start resting.
HP restored.
An endoplasm comes into view.
You shoot a sling bullet. The sling bullet hits the endoplasm.
The endoplasm is moderately wounded.
You shoot a sling bullet. The sling bullet hits the endoplasm!
You kill the endoplasm!
No target in view!
No target in view!
No target in view!
You open the door.
An endoplasm comes into view.
The endoplasm quivers.
You shoot a sling bullet.
The sling bullet hits the endoplasm but does no damage.
You shoot a sling bullet.
The sling bullet barely misses the endoplasm.
You shoot a sling bullet. The sling bullet hits the endoplasm!
You kill the endoplasm!
No target in view!
No target in view!
There is an open door here.
You open the door.
There is an open door here.
A ball python comes into view.
The ball python hisses angrily.
You shoot a sling bullet.
The sling bullet closely misses the ball python.
You shoot a sling bullet.
The sling bullet barely misses the ball python.
You shoot a sling bullet. The sling bullet hits the ball python!
You kill the ball python!
No target in view!
No target in view!
Found a robe.
You now have 33 gold pieces (gained 12).
g - a fuming clear potion A bat comes into view.
You shoot a sling bullet. The sling bullet hits the bat.
You kill the bat!
No target in view!
No target in view!
No target in view!
You see here a bat corpse.
You open the door.
There is an open door here.
You open the door.
A quokka comes into view.
You shoot a sling bullet. The sling bullet hits the quokka.
The quokka is severely wounded.
You shoot a sling bullet. The sling bullet hits the quokka.
You kill the quokka!
No target in view!
No target in view!
You open the door.
There is an open door here.
Found 5 poisoned darts.
You see here 5 poisoned darts.
h - 5 poisoned darts
There is an open door here.
There is an open door here.
A kobold comes into view. It is wielding a +0 short sword.
You shoot a sling bullet.
The sling bullet closely misses the kobold.
The kobold throws a stone.
The stone hits you.
The kobold throws a stone.
The stone barely misses you.
You shoot a sling bullet.
The sling bullet barely misses the kobold.
The kobold throws a stone.
The stone barely misses you.
You shoot a sling bullet. The sling bullet misses the kobold.
You shoot a sling bullet.
The sling bullet barely misses the kobold.
The kobold throws a stone.
The stone barely misses you.
You shoot a sling bullet.
The sling bullet closely misses the kobold.
The kobold throws a stone.
The stone misses you.
You shoot a sling bullet.
The sling bullet barely misses the kobold.
You shoot a sling bullet. The sling bullet hits the kobold.
The kobold is severely wounded.
You shoot a sling bullet. The sling bullet hits the kobold.
You kill the kobold!
Your Stealth skill increases to level 1!
No target in view!
No target in view!
Found a spear.
A frilled lizard comes into view.
Found a Trismegistus Codex.
A frilled lizard is nearby!
You shoot a sling bullet.
The sling bullet hits the frilled lizard!
You kill the frilled lizard!
You hear a shout!
No target in view!
No target in view!
No target in view!
A dart slug comes into view.
You see here a scroll labelled QIUMUMU SYCOMU.
You shoot a sling bullet.
The sling bullet completely misses the dart slug.
A hobgoblin comes into view. It is wielding a +0 mace.
You shoot a sling bullet.
The sling bullet barely misses the hobgoblin.
You shoot a sling bullet.
The sling bullet barely misses the hobgoblin.
The hobgoblin barely misses you. The hobgoblin hits you with a +0 mace.
You shoot a sling bullet. The sling bullet hits the hobgoblin.
The hobgoblin is heavily wounded.
The dart slug launches a dart at you. The slug dart misses you.
The hobgoblin barely misses you.
You shoot a sling bullet. The sling bullet hits the hobgoblin.
You kill the hobgoblin!
You shoot a sling bullet.
The sling bullet hits the dart slug but does no damage.
You shoot a sling bullet. The sling bullet hits the dart slug!
The dart slug is severely wounded.
The dart slug launches a dart at you. The slug dart hits you.
You shoot a sling bullet. The sling bullet hits the dart slug.
You kill the dart slug!
No target in view!
No target in view!
i - a scroll labelled QIUMUMU SYCOMU You pick up a Trismegistus Codex and begin reading...
You add the spells Kindle Blastsparks, Ignite Poison and Freezing Cloud to your library.
There is an open door here.
You open the door.
There is an open door here.
As you open the door, it creaks loudly!
There is an open door here.
Done exploring.
Done exploring.
There is an open door here.
There is a stone staircase leading down here.
You climb downwards.
There is a stone staircase leading up here.
Search for what [? for help]? d: You can't go down here!
A ball python comes into view.
You shoot a sling bullet. The sling bullet hits the ball python.
The ball python hisses angrily.
The ball python is severely wounded.
You hear an angry hiss.
A ball python comes into view.
You shoot a sling bullet. The sling bullet hits the ball python!
You kill the ball python!
You shoot a sling bullet.
The sling bullet closely misses the ball python.
No target in view!
No target in view!
No target in view!
No target in view!
The ball python bites you but does no damage.
The ball python barely misses you.
You shoot a sling bullet.
The sling bullet barely misses the ball python.
The ball python closely misses you. The ball python grabs you.
The ball python constricts you.
You shoot a sling bullet. The sling bullet hits the ball python.
You kill the ball python!
No target in view!
j - a scroll labelled XIOSHE BUVE You see here a ball python corpse.
You see here a ball python corpse.
k - an orange potion A dart slug comes into view.
The dart slug launches a dart at you. The slug dart misses you.
You shoot a sling bullet.
The sling bullet hits the dart slug but does no damage.
You shoot a sling bullet. The sling bullet hits the dart slug.
The dart slug is moderately wounded.
You shoot a sling bullet. The sling bullet hits the dart slug.
The dart slug is severely wounded.
The dart slug launches a dart at you. The slug dart hits you.
You shoot a sling bullet.
The sling bullet hits the dart slug but does no damage.
The dart slug is severely wounded.
You shoot a sling bullet. The sling bullet hits the dart slug.
The dart slug is almost dead.
You shoot a sling bullet. The sling bullet hits the dart slug.
You kill the dart slug!
No target in view!
No target in view!
A quokka comes into view.
You shoot a sling bullet. The sling bullet hits the quokka.
You kill the quokka!
No target in view!
No target in view!
Found a stone staircase leading down.
Found a hand axe.
You now have 41 gold pieces (gained 8).
You see here a +0 hand axe.
You see here a +0 hand axe.
A frilled lizard comes into view.
The frilled lizard hisses angrily.
You shoot a sling bullet.
The sling bullet closely misses the frilled lizard.
You shoot a sling bullet.
The sling bullet hits the frilled lizard.
You kill the frilled lizard!
No target in view!
No target in view!
You open the door.
Found 9 stones.
There is an open door here.
You now have 47 gold pieces (gained 6).
You now have 51 gold pieces (gained 4).
Found a chain mail.
You see here 9 stones.
A giant cockroach comes into view.
You shoot a sling bullet.
The sling bullet hits the giant cockroach.
The giant cockroach is moderately wounded.
You hear an angry hiss.
You shoot a sling bullet.
The sling bullet hits the giant cockroach.
The giant cockroach is almost dead.
An adder comes into view.
The giant cockroach barely misses you.
The adder moves out of view.
You shoot a sling bullet.
The sling bullet hits the giant cockroach.
You kill the giant cockroach!
You have reached level 3!
Your experience leads to a dramatic increase in your attributes!
Increase (S)trength, (I)ntelligence, or (D)exterity?
You feel agile. x4
You shoot a sling bullet. The sling bullet misses the adder.
No target in view!
No target in view!
No target in view!
You shoot a sling bullet.
The sling bullet closely misses the adder.
You shoot a sling bullet.
The sling bullet hits the adder but does no damage.
The adder barely misses you.
You shoot a sling bullet. The sling bullet hits the adder.
The adder is heavily wounded.
The adder bites you.
You are poisoned.
The adder poisons you! The adder bites you.
You shoot a sling bullet.
The sling bullet closely misses the adder.
You feel sick. The adder bites you. x2
You shoot a sling bullet.
The sling bullet closely misses the adder.
You feel sick. The adder closely misses you.
You shoot a sling bullet. The sling bullet hits the adder!
You kill the adder!
You feel sick.
You are no longer poisoned.
No target in view!
No target in view!
HP restored.
You see here a giant cockroach corpse.
l - a scroll labelled CEOTROSUENN A hobgoblin comes into view.
You shoot a sling bullet. The sling bullet hits the hobgoblin.
The hobgoblin shouts!
The hobgoblin is lightly wounded.
You shoot a sling bullet.
The sling bullet closely misses the hobgoblin.
The hobgoblin misses you.
You shoot a sling bullet.
The sling bullet barely misses the hobgoblin.
The hobgoblin hits you.
You shoot a sling bullet.
The sling bullet closely misses the hobgoblin.
The hobgoblin misses you.
You shoot a sling bullet.
The sling bullet closely misses the hobgoblin.
The hobgoblin hits you. x2
You shoot a sling bullet. The sling bullet hits the hobgoblin.
You kill the hobgoblin!
No target in view!
No target in view!
You now have 58 gold pieces (gained 7).
You open the door.
There is an open door here.
You open the door.
There is an open door here.
You open the door.
There is an open door here.
Found 6 boomerangs.
You see here 6 boomerangs.
m - 6 boomerangs
Found a stone staircase leading down.
A kobold comes into view. It is wielding a +3 short sword.
The kobold shouts!
You shoot a sling bullet. The sling bullet misses the kobold.
The kobold throws a stone.
The stone hits you but does no damage.
You shoot a sling bullet. The sling bullet hits the kobold.
The kobold is moderately wounded.
You shoot a sling bullet. The sling bullet hits the kobold.
The kobold is severely wounded.
You shoot a sling bullet. The sling bullet hits the kobold.
You kill the kobold!
No target in view!
Things that are here:
a +3 short sword; 3 stones; a kobold corpse
n - a +3 short sword A dart slug comes into view.
You shoot a sling bullet. The sling bullet hits the dart slug.
The dart slug is moderately wounded.
You shoot a sling bullet. The sling bullet hits the dart slug!
You kill the dart slug!
No target in view!
No target in view!
There is a shaft here.
Found a dagger.
Found a robe.
You now have 68 gold pieces (gained 10).
You open the door.
There is an open door here.
A goblin comes into view. It is wielding a +0 club.
You shoot a sling bullet. The sling bullet hits the goblin.
You kill the goblin!
No target in view!
There is an open door here.
You open the door.
A kobold comes into view. It is wielding a +0 whip.
Found a stone staircase leading down.
You shoot a sling bullet. The sling bullet hits the kobold.
You kill the kobold!
No target in view!
There is an open door here.
Things that are here:
a +0 whip; a stone; a kobold corpse A bat comes into view.
There is a stone staircase leading down here.
You shoot a sling bullet. The sling bullet hits the bat!
You kill the bat!
No target in view!
No target in view!
Found a dagger.
You see here a +0 dagger.
You open the door.
Found a robe.
There is an open door here.
You open the door.
There is an open door here.
You see here a +0 robe.
Sigmund the Dreaded comes into view.
He is wielding a +0 scythe and carrying a wand of polymorph (4).
You open the door.
There is an open door here.
You see here a scarf of harm.
There is an open door here.
You now have 71 gold pieces (gained 3).
There is an open door here.
You see here a +0 dagger.
o - a scroll labelled WIRATRAETE You see here a bat corpse.
There is a stone staircase leading down here.
Things that are here:
a +0 whip; a stone; a kobold skeleton
There is an open door here.
There is an open door here.
A bat comes into view.
You shoot a sling bullet. The sling bullet hits the bat!
You kill the bat!
No target in view!
No target in view!
Things that are here:
a +0 club; a goblin skeleton You see here a bat corpse.
Found a stone staircase leading up.
Found a short sword.
You see here a +0 short sword.
Things that are here:
a +0 club; a goblin skeleton
There is an open door here.
There is an open door here.
You see here a +0 robe.
Partly explored, can't reach some places.
There is a stone staircase leading down here.
You climb downwards.
Found a sedimented brown potion and 8 stones.
Found a stone staircase leading down.
There is a stone staircase leading up here.
Press: ? - help, v - describe, . - travel
Here: Pargi (asleep)
The floor.
Placed new exclusion.
You climb upwards.
Level annotation: Sigmund
There is a stone staircase leading down here.
There is an open door here.
There is a stone staircase leading down here.
You climb downwards.
Level annotation: Pargi
Found 13 gold pieces.
There is a stone staircase leading up here.
You shoot a sling bullet.
The sling bullet hits the giant cockroach but does no damage.
You shoot a sling bullet.
The sling bullet barely misses the giant cockroach.
The giant cockroach closely misses you.
You shoot a sling bullet.
The sling bullet barely misses the giant cockroach.
The giant cockroach bites you but does no damage.
You shoot a sling bullet.
The sling bullet closely misses the giant cockroach.
The giant cockroach bites you. x2
You shoot a sling bullet.
The sling bullet hits the giant cockroach.
You kill the giant cockroach!
No target in view!
HP restored.
You now have 84 gold pieces (gained 13).
An endoplasm comes into view.
You shoot a sling bullet. The sling bullet hits the endoplasm.
The endoplasm quivers.
The endoplasm is heavily wounded.
You shoot a sling bullet. The sling bullet hits the endoplasm!
You kill the endoplasm!
No target in view!
No target in view!
You now have 97 gold pieces (gained 13).
Grinder comes into view.
You are now empty-handed.
Adjust to which letter? (? for menu, Esc to quit)
a - a +3 short sword;
n - a +1 sling Adjust to which letter? (? for menu, Esc to quit)
b - a +1 sling;
n - 2 scrolls of poison
a - a +3 short sword (weapon)
A quokka comes into view.
You hit the quokka.
The quokka is severely wounded.
The quokka bites you but does no damage.
You closely miss the quokka.
The quokka is severely wounded.
The quokka barely misses you.
You puncture the quokka!
You kill the quokka!
The goblin shouts!
You hear a shout! x2
There is a stone staircase leading up here.
b - a +1 sling (weapon)
You shoot a sling bullet.
The sling bullet closely misses the goblin.
You shoot a sling bullet.
The sling bullet barely misses the goblin.
You shoot a sling bullet.
The sling bullet barely misses the goblin.
You shoot a sling bullet.
The sling bullet barely misses the goblin.
a - a +3 short sword (weapon)
The goblin hits you with a +0 club.
You closely miss the goblin. The goblin closely misses you.
You completely miss the goblin. The goblin barely misses you.
You hit the goblin.
You kill the goblin!
No target in view!
Things that are here:
a +0 club; a goblin corpse
There is a stone staircase leading up here.
b - a +1 sling (weapon)
You start resting.
HP restored.
Grinder is nearby!
Press: ? - help, v - describe, . - travel
Here: Grinder The floor.
Grinder blinks!
There is a stone staircase leading up here.
Grinder blinks!
You climb upwards.
Level annotation: Sigmund
There is a stone staircase leading down here.
There is an open door here.
You see here a +0 hand axe.
There is a stone staircase leading down here.
You see here a +0 robe.
There is an open door here.
You see here a +0 dagger.
There is a stone staircase leading down here.
You climb downwards.
Level annotation: Grinder, Pargi
There is a stone staircase leading up here.
Found an escape hatch in the floor.
An orc comes into view. It is wielding a +0 falchion.
a - a +3 short sword (weapon)
Found a fuming golden potion.
You see here a fuming golden potion.
You puncture the orc!
You kill the orc!
b - a +1 sling (weapon)
p - a fuming golden potion A bat comes into view.
You shoot a sling bullet. The sling bullet hits the bat!
You kill the bat!
No target in view!
No target in view!
There is an escape hatch in the floor here.
p - 2 fuming golden potions (gained 1)
Found 6 stones.
You see here a bat corpse.
Found an escape hatch in the ceiling.
An adder comes into view.
Your line of fire to the adder is blocked by a plant.
The adder hisses angrily.
You shoot a sling bullet.
The sling bullet closely misses the adder.
You shoot a sling bullet.
The sling bullet barely misses the adder.
You shoot a sling bullet.
The sling bullet closely misses the adder.
You hear an angry hiss.
The adder barely misses you.
a - a +3 short sword (weapon)
The adder bites you.
You are poisoned.
The adder poisons you!
A ball python comes into view.
You barely miss the adder.
You feel sick. The adder misses you.
You hit the adder.
The adder is lightly wounded.
You feel sick. The adder closely misses you.
You closely miss the adder.
The adder is lightly wounded.
You feel sick. The adder barely misses you. The adder closely misses you.
You hit the adder.
The adder is moderately wounded.
You feel sick. The ball python closely misses you.
The ball python completely misses you. The adder misses you.
You completely miss the adder.
The adder is moderately wounded.
You feel sick.
The ball python bites you but does no damage.
The ball python closely misses you. The adder completely misses you.
The ball python misses you. The ball python grabs you.
The ball python constricts you.
You closely miss the adder.
The adder is moderately wounded.
You feel sick. The adder bites you. The ball python bites you.
The ball python constricts you.
You hit the adder. Your punch misses the adder.
The adder is heavily wounded.
You feel sick.
You are no longer poisoned.
The adder bites you but does no damage. The ball python barely misses you.
The ball python constricts you. The adder bites you.
* * * LOW HITPOINT WARNING * * *
It was a potion of brilliance.
You feel clever all of a sudden. The ball python misses you.
The ball python constricts you.
* * * LOW HITPOINT WARNING * * *
The adder bites you.
* * * LOW HITPOINT WARNING * * *
You are lethally poisoned!
The adder poisons you!
It was a potion of resistance.
You feel protected.
* * * LOW HITPOINT WARNING * * *
You feel sick. The adder barely misses you. The ball python bites you.
* * * LOW HITPOINT WARNING * * *
The ball python constricts you.
It was a potion of curing.
You feel better. The adder bites you. The ball python bites you.
* * * LOW HITPOINT WARNING * * *
The ball python constricts you.
* * * LOW HITPOINT WARNING * * *
The adder barely misses you.
You miss the adder.
The adder is heavily wounded.
The ball python bites you.
* * * LOW HITPOINT WARNING * * *
The ball python constricts you. The adder closely misses you.
The ball python bites you but does no damage.
The ball python constricts you.
* * * LOW HITPOINT WARNING * * *
You hit the adder.
The adder is severely wounded.
The adder misses you. The ball python barely misses you.
The ball python constricts you.
You barely miss the adder.
The adder is severely wounded.
The adder bites you.
* * * LOW HITPOINT WARNING * * *
The ball python barely misses you. The ball python constricts you.
* * * LOW HITPOINT WARNING * * *
You hit the adder.
You kill the adder!
The ball python closely misses you. The ball python constricts you.
You hit the ball python.
You kill the ball python!
You start resting.
You start to feel less resistant.
You start resting.
You feel a little less clever now.
You start resting.
Your resistance to elements expires.
You start resting.
HP restored.
b - a +1 sling (weapon)
You see here an adder corpse.
A giant cockroach comes into view.
You shoot a sling bullet.
The sling bullet hits the giant cockroach!
You kill the giant cockroach!
You see here a giant cockroach corpse.
Found a spear.
Found a stone staircase leading down.
There is a stone staircase leading down here.
A frilled lizard comes into view.
You shoot a sling bullet.
The sling bullet barely misses the frilled lizard.
The frilled lizard hisses angrily.
You shoot a sling bullet.
The sling bullet barely misses the frilled lizard.
You shoot a sling bullet.
The sling bullet hits the frilled lizard.
You kill the frilled lizard!
No target in view!
g - a red potion An endoplasm comes into view.
You shoot a sling bullet. The sling bullet hits the endoplasm.
The endoplasm is moderately wounded.
You shoot a sling bullet.
The sling bullet hits the endoplasm but does no damage.
The endoplasm is moderately wounded.
You shoot a sling bullet. The sling bullet hits the endoplasm.
The endoplasm is severely wounded.
The endoplasm hits you.
You shoot a sling bullet. The sling bullet hits the endoplasm!
You kill the endoplasm!
No target in view!
You see here a +0 spear.
You see here a +0 spear.
You see here a frilled lizard corpse.
A kobold comes into view. It is wielding a +0 whip.
You shoot a sling bullet. The sling bullet hits the kobold.
You kill the kobold!
No target in view!
No target in view!
A giant cockroach comes into view.
The giant cockroach moves out of view.
You shoot a sling bullet.
The sling bullet barely misses the giant cockroach.
You shoot a sling bullet.
The sling bullet completely misses the giant cockroach.
The giant cockroach barely misses you. The giant cockroach bites you.
You shoot a sling bullet.
The sling bullet hits the giant cockroach.
The giant cockroach is severely wounded.
The giant cockroach closely misses you.
You shoot a sling bullet.
The sling bullet barely misses the giant cockroach.
The giant cockroach bites you.
You shoot a sling bullet.
The sling bullet hits the giant cockroach but does no damage.
The giant cockroach is severely wounded.
The giant cockroach closely misses you. The giant cockroach barely misses you.
You shoot a sling bullet.
The sling bullet closely misses the giant cockroach.
The giant cockroach waves its antennae.
The giant cockroach bites you but does no damage.
You shoot a sling bullet.
The sling bullet closely misses the giant cockroach.
The giant cockroach misses you. The giant cockroach barely misses you.
You shoot a sling bullet.
The sling bullet hits the giant cockroach.
The giant cockroach is almost dead.
The giant cockroach bites you. The giant cockroach barely misses you.
You shoot a sling bullet.
The sling bullet barely misses the giant cockroach.
The giant cockroach closely misses you.
You shoot a sling bullet.
The sling bullet hits the giant cockroach but does no damage.
The giant cockroach is almost dead.
The giant cockroach waves its antennae.
The giant cockroach bites you but does no damage.
The giant cockroach misses you.
You shoot a sling bullet.
The sling bullet closely misses the giant cockroach.
The giant cockroach bites you.
You shoot a sling bullet.
The sling bullet hits the giant cockroach but does no damage.
The giant cockroach is almost dead.
The giant cockroach misses you. The giant cockroach barely misses you.
You shoot a sling bullet.
The sling bullet hits the giant cockroach.
You kill the giant cockroach!
You see here a giant cockroach corpse.
A bat comes into view.
Things that are here:
a +0 whip; 4 stones; a kobold corpse You shoot a sling bullet.
The sling bullet hits the bat but does no damage.
You shoot a sling bullet. The sling bullet hits the bat.
You kill the bat!
No target in view!
A quokka comes into view.
You shoot a sling bullet. The sling bullet hits the quokka.
The quokka is severely wounded.
You shoot a sling bullet. The sling bullet hits the quokka.
The quokka is almost dead.
You shoot a sling bullet. The sling bullet misses the quokka.
You shoot a sling bullet. The sling bullet misses the quokka.
The quokka bites you.
You shoot a sling bullet.
The sling bullet barely misses the quokka.
The quokka barely misses you.
You shoot a sling bullet. The sling bullet hits the quokka.
You kill the quokka!
You see here a quokka corpse.
A frilled lizard comes into view.
The frilled lizard moves out of view.
You now have 114 gold pieces (gained 17).
A frilled lizard is nearby!
You shoot a sling bullet.
The sling bullet misses the frilled lizard.
The frilled lizard hisses angrily.
You shoot a sling bullet.
The sling bullet barely misses the frilled lizard.
You shoot a sling bullet.
The sling bullet closely misses the frilled lizard.
You shoot a sling bullet.
The sling bullet misses the frilled lizard.
You shoot a sling bullet.
The sling bullet completely misses the frilled lizard.
You shoot a sling bullet.
The sling bullet hits the frilled lizard!
You kill the frilled lizard!
No target in view!
An orc comes into view. It is wielding a +0 dagger.
An orc is nearby!
There is a stone staircase leading up here.
There is a stone staircase leading down here.
You climb downwards.
Found a scroll labelled GAEKIZ XEMUL.
There is a stone staircase leading up here.
a - a +3 short sword (weapon)
The helpless Menkaure fails to defend himself.
You hit Menkaure.
Menkaure is lightly damaged.
Menkaure wails, "Why can't you leave me to my rest?"
Menkaure completely misses you.
You puncture Menkaure!
Menkaure is heavily damaged.
Menkaure hits you!
Ouch! That really hurt!
You hit Menkaure.
Menkaure is heavily damaged.
You barely miss Menkaure.
Menkaure is heavily damaged.
Menkaure hits you!!
Ouch! That really hurt!
You die...

Skill      XL: |  1  2 |
---------------+-------+-----
Ranged Weapons | 2 |  2.9
Dodging        | 2 |  2.5
Stealth        | 1 |  1.7
Fighting       | |  0.8
Short Blades   | |  0.5
Spellcasting   | |  1.0
Hexes          | |  2.6

Action                     || total
---------------------------++-------
  Melee: Short sword       ||    23
   Fire: Sling             ||   162
   Cast: Slow              ||     1
    Use: Potion            ||     3
   Stab: Sleeping          ||     1
 Armour: Robe              ||    10
  Dodge: Dodged            ||    67

Levels and vault maps discovered:
D:1:      nzn_arrival_crosshair, layout_loops_corners,
          shapermc_ecumenical_altar_mp_highgroup, minmay_tetromino_s4
D:2:      layout_basic, uniq_sigmund
D:3:      layout_loops_ring, nicolae_overflow_hidden_temple, serial_forest,
          infiniplex_forest_clump_double, infiniplex_forest_straight_5,
          infiniplex_forest_straight_3, infiniplex_forest_clump_long,
          infiniplex_forest_clump_diagonal, infiniplex_forest_straight_5,
          infiniplex_forest_lined_4_way, infiniplex_forest_lined_2,
          uniq_grinder, uniq_pargi
D:4:      layout_basic, uniq_menkaure, uniq_robin, uniq_pikel

Notes
Turn   | Place    | Note
-------+----------+-------------------------------------------
     0 | D:1      | scionoferis the Demigod Hexslinger began the quest for the
                  | Orb.
     0 | D:1      | Reached XP level 1. HP: 15/15 MP: 4/4
    91 | D:1      | Reached skill level 2 in Ranged Weapons
   295 | D:1      | Reached skill level 2 in Dodging
   324 | D:1      | Reached XP level 2. HP: 22/22 MP: 5/5
   461 | D:1      | HP: 2/22 [hobgoblin (5)]
   849 | D:1      | Reached skill level 1 in Stealth
  1136 | D:2      | Reached XP level 3. HP: 27/27 MP: 6/6
  1546 | D:2      | Noticed Sigmund
  1824 | D:3      | Noticed Pargi
  1892 | D:3      | Noticed Grinder
  2084 | D:3      | Identified a potion of resistance
  2084 | D:3      | HP: 1/27 [ball python (3)]
  2537 | D:4      | Noticed Menkaure
  2542 | D:4      | Mangled by Menkaure

Vanquished Creatures
  2 adders (D:2 D:3)
  5 dart slugs (D:1 D:2)
  An orc (D:3)
  4 endoplasms (D:1 D:3)
  6 giant cockroaches (D:1 D:2 D:3)
  2 goblins (D:2 D:3)
  3 hobgoblins (D:1 D:2)
  4 kobolds (D:1 D:2 D:3)
  4 quokkas (D:1 D:2 D:3)
  6 ball pythons (D:1 D:2 D:3)
  5 bats (D:1 D:2 D:3)
  5 frilled lizards (D:1 D:2 D:3)
  A rat (D:1)
48 creatures vanquished.

Vanquished Creatures (others)
  6 plants (D:3)
6 creatures vanquished.

Grand Total: 54 creatures vanquished

Table legend: (Time is in decaauts)
 A = Elapsed time spent in this place.
 B = Non-inter-level travel time spent in this place.
 C = Inter-level travel time spent in this place.
 D = Time resting spent in this place.
 E = Time spent auto-exploring this place.
 F = Levels seen in this place.
 G = Mean time per level.
                   A        B        C        D        E       F      G
               +--------+--------+--------+--------+--------+-----+--------+
         Total |   2580 |   2372 |    208 |    198 |   1800 |   4 |  645.0 |
       Dungeon |   2580 |   2372 |    208 |    198 |   1800 |   4 |  645.0 |
               +--------+--------+--------+--------+--------+-----+--------+

Top non-repeatable levels by time:
     D:1: 1029 daAuts
     D:2: 961 daAuts
     D:3: 584 daAuts
     D:4: 4 daAuts

Table legend:
 A = Non-vault XP
 B = Vault XP
 C = Vault XP percentage of total XP
 D = Non-vault monster count
 E = Vault monster count
 F = Vault count percentage of total count
                 A         B        C        D         E       F
            +---------+---------+-------+---------+---------+-------
      Total |     106 |       6 |   5.4 |      46 |       2 |   4.2
            +---------+---------+-------+---------+---------+-------
        D:1 |      30 |       6 |  16.7 |      16 |       2 |  11.1
        D:2 |      38 |       0 |   0.0 |      14 |       0 |   0.0
        D:3 |      38 |       0 |   0.0 |      16 |       0 |   0.0
            +---------+---------+-------+---------+---------+-------
